 Dungeon Crawl Stone Soup version 0.29.1-2-gbd0b4ee654 (webtiles) character file.

Game seed: 8921300542551542724

1432 zorance the Conjurer (level 8, -2/46 HPs)
             Began as a Deep Elf Conjurer on Nov 14, 2022.
             Was an Initiate of Sif Muna.
             Slain by a kobold brigand
             ... wielding a +0 short sword
              (5 damage)
             ... on level 6 of the Dungeon.
             The game lasted 00:15:21 (7404 turns).

zorance the Conjurer (Deep Elf Conjurer)            Turns: 7404, Time: 00:15:21

Health: -2/46      AC:  5    Str:  4    XL:     8   Next: 45%
Magic:  8/19       EV: 11    Int: 26    God:    Sif Muna [......]
Gold:   347        SH:  0    Dex: 13    Spells: 5/19 levels left

rFire   + . .      SeeInvis .   G - +6 whip of the Postmodern Seas {pain, rPois rF+ rC+}
rCold   + . .      Faith    .   (no shield)
rNeg    . . .      Spirit   .   A - +0 leather armour
rPois   +          Reflect  .   F - +0 helmet
rElec   .          Harm     .   o - +0 cloak
rCorr   .          Rampage  .   (no gloves)
Will    .....                   (no boots)
Stlth   +++.......              (no amulet)
HPRegen 0.15/turn               r - ring of wizardry
MPRegen 0.16/turn               (no ring)

@: lethally poisoned (-2 -> -4), slowed, very slow
A: no striking features
a: Renounce Religion


You were on level 6 of the Dungeon.
You worshipped Sif Muna.
Sif Muna was noncommittal.
You visited 2 branches of the dungeon, and saw 7 of its levels.

You collected 347 gold pieces.

Inventory:

Hand Weapons
 g - a +0 short sword of venom
 B - a +4 flail of protection
 C - a +2 war axe of electrocution
 G - the +6 whip of the Postmodern Seas (weapon) {pain, rPois rF+ rC+}
   (You found it on level 6 of the Dungeon)

   In the hands of one skilled in necromantic magic, it inflicts extra damage on
   living creatures.
   rF:        It protects you from fire.
   rC:        It protects you from cold.
   rPois:     It protects you from poison.
Missiles
 u - 4 curare-tipped darts
 D - 6 poisoned darts (quivered)
Armour
 a - a +0 robe
 o - a +0 cloak (worn)
 A - a +0 leather armour (worn)
 F - a +0 helmet (worn)
Magical Staves
 n - a staff of cold
Jewellery
 r - a ring of wizardry (left hand)
Wands
 e - a wand of digging (9)
 v - a wand of paralysis (4)
 x - a wand of acid (9)
Scrolls
 d - a scroll of acquirement {unknown}
 f - 2 scrolls of brand weapon {unknown}
 h - 3 scrolls of noise {unknown}
 i - 5 scrolls of identify {unknown}
 k - 2 scrolls of enchant weapon {unknown}
 t - 2 scrolls of poison {unknown}
 y - a scroll of teleportation {unknown}
 E - a scroll of amnesia {unknown}
 I - a scroll of fear {unknown}
Potions
 b - a potion of magic
 c - 7 potions of curing {unknown}
 j - a potion of mutation {unknown}
 l - a potion of berserk rage {unknown}
 m - 4 potions of attraction {unknown}
 p - a potion of invisibility {unknown}
 q - 3 potions of brilliance {unknown}
 s - 4 potions of flight {unknown}
 w - a potion of heal wounds
 z - 2 potions of might {unknown}
 H - 2 potions of degeneration {unknown}


   Skills:
 + Level 3.3 Fighting
 + Level 3.3 Dodging
 + Level 6.1 Stealth
 + Level 6.4 Spellcasting
 + Level 7.5 Conjurations
 - Level 4.0 Hexes
 + Level 2.6 Translocations


You had 5 spell levels left.
You knew the following spells:

 Your Spells              Type           Power      Damage    Failure   Level
a - Magic Dart            Conj           100%       1d8       1%          1
b - Searing Ray           Conj           94%        2d7       1%          2
c - Dazzling Flash        Conj/Hex       76%        N/A       1%          3
d - Fulminant Prism       Conj/Hex       19%        3d11      4%          4
e - Iskenderun's Mystic   Conj/Tloc      34%        2d8       6%          4

Your spell library contained the following spells:

 Spells                   Type           Power      Damage    Failure   Level


Dungeon Overview and Level Annotations

Branches:
Dungeon (6/15)             Temple (1/1) D:5

Altars:
Cheibriados
Dithmenos
Elyvilon
Gozag
Hepliaklqana
Kikubaaqudgha
Makhleb
Okawaru
Ru
Sif Muna
Trog
Vehumet
Xom
Yredelemnul

Annotations:
D:5 exclusion: downstairs


Message History

The kobold brigand throws a curare-tipped dart.
The curare-tipped dart barely misses you.
Casting: Magic Dart (safe; 1% risk of failure)
Confirm with . or Enter, or press ? or * to list all spells.
Aiming: Searing Ray (safe; 1% risk of failure)
Press: ? - help, Shift-Dir - straight line, f/p - kobold brigand
Aim: a kobold brigand, wielding a +0 short sword and quivering curare-tipped darts (77% to hit)
The searing ray misses the kobold brigand. (Press . to maintain the ray.)
The kobold brigand throws a curare-tipped dart.
The curare-tipped dart hits you.
You are poisoned.
You have difficulty breathing.
You feel yourself slow down.
The searing ray hits the kobold brigand.
The kobold brigand is lightly wounded.
You feel very sick.
The kobold brigand throws a curare-tipped dart.
The curare-tipped dart hits you.
The searing ray hits the kobold brigand!
The kobold brigand is heavily wounded.
You feel very sick.
The searing ray hits the kobold brigand!
The kobold brigand is severely wounded.
The searing ray hits the kobold.
You kill the kobold!
Sif Muna accepts your kill.
You finish channelling your searing ray.
You feel very sick.
The kobold brigand hits you with a +0 short sword!
Casting: Searing Ray (safe; 1% risk of failure)
Confirm with . or Enter, or press ? or * to list all spells.
Casting: Dazzling Flash (safe; 1% risk of failure)
Press: ? - help, Dir - look around, f - activate The kobold brigand is dazzled.
You feel sick. The kobold brigand barely misses you.
You feel sick.
The kobold brigand hits you with a +0 short sword!
* * * LOW HITPOINT WARNING * * *
The kobold brigand hits you with a +0 short sword.
You die...

≈≈ ### ##≈≈ ##.# ..#≈≈ #
#..###.##≈≈
...######.........≈
.......<##.........
........#.........#
.....###.@......# #..#
###K...#### #...##
##.)...#..#
......##.).......#
................#
^.........)..........#...
...##...###....##........
#.......# .....# .......
##.........K...# #....


You could see a kobold brigand (blind).

Vanquished Creatures
  Grinder (D:3)
  Sigmund (D:3)
  An ogre (D:4)
  2 necrophages
  A scorpion (D:6)
  A howler monkey (D:4)
  3 hounds
  3 jellies (D:5)
  An orc priest (D:6)
  2 gnoll boudas (D:4)
  5 iguanas
  Ijyb (D:3)
  An orc wizard (D:6)
  13 gnolls
  9 adders
  2 worms
  5 dart slugs
  12 orcs
  7 bats
  3 endoplasms
  6 giant cockroaches
  8 goblins
  5 hobgoblins
  7 quokkas
  5 ball pythons
  3 frilled lizards
  16 kobolds
  5 rats
  A fulminant prism (D:6)
130 creatures vanquished.

Vanquished Creatures (others)
  7 fulminant prisms
7 creatures vanquished.

Grand Total: 137 creatures vanquished

Notes
Turn   | Place    | Note
-------+----------+-------------------------------------------
     0 | D:1      | zorance the Deep Elf Conjurer began the quest for the Orb.
     0 | D:1      | Reached XP level 1. HP: 10/10 MP: 6/6
   277 | D:1      | Reached XP level 2. HP: 16/16 MP: 2/8
   280 | D:1      | Learned a level 2 spell: Searing Ray
   611 | D:1      | Found a faded altar of an unknown god.
   738 | D:1      | Reached XP level 3. HP: 20/20 MP: 5/9
   743 | D:1      | Learned a level 3 spell: Dazzling Flash
   980 | D:1      | Reached skill level 5 in Conjurations
  1650 | D:2      | Reached skill level 1 in Fighting
  1673 | D:2      | Reached XP level 4. HP: 25/25 MP: 3/11
  1702 | D:2      | Reached skill level 1 in Hexes
  2533 | D:3      | Noticed Sigmund
  2539 | D:3      | Killed Sigmund
  2540 | D:3      | Reached XP level 5. HP: 18/30 MP: 3/13
  2540 | D:3      | Reached XP level 6. HP: 21/35 MP: 3/14
  2769 | D:3      | Learned a level 4 spell: Fulminant Prism
  3179 | D:3      | Noticed Grinder
  3188 | D:3      | Killed Grinder
  3189 | D:3      | Reached skill level 6 in Conjurations
  3475 | D:3      | Reached XP level 7. HP: 40/40 MP: 10/16
  3480 | D:3      | Learned a level 4 spell: Iskenderun's Mystic Blast
  3729 | D:3      | Noticed Ijyb
  3733 | D:3      | Killed Ijyb
  3774 | D:3      | Reached skill level 5 in Spellcasting
  4653 | D:4      | Reached skill level 5 in Stealth
  4703 | D:4      | Reached skill level 7 in Conjurations
  4703 | D:4      | Reached skill level 1 in Translocations
  4988 | D:4      | Found a bloodstained altar of Trog.
  5308 | D:4      | Found a sacrificial altar of Ru.
  5334 | D:5      | Entered Level 5 of the Dungeon
  5515 | D:5      | Found a staircase to the Ecumenical Temple.
  5653 | D:5      | Reached XP level 8. HP: 44/45 MP: 13/18
  6433 | Temple   | Entered the Ecumenical Temple
  6604 | Temple   | Became a worshipper of Sif Muna the Loreminder
  6821 | D:6      | Identified the +6 whip of the Postmodern Seas {pain, rPois
                  | rF+ rC+}
  7404 | D:6      | Slain by a kobold brigand

Illustrated notes

Levels and vault maps discovered:
D:1:      minmay_arrival_checkered_box, layout_loops_corners,
          ebering_ecumenical_altar_sacrificial
D:2:      layout_rooms, serial_park_tiny_2
D:3:      layout_loops_ring, uniq_ijyb, uniq_grinder, uniq_sigmund
D:4:      layout_rooms, general_overflow_altar,
          mainiacjoe_overflow_six_doors_small, kennysheep_small_spiral,
          minmay_misc_feat_chi, kennysheep_flooded_box, minmay_between
D:5:      layout_basic, minmay_temple_entry_mist, grunt_decor_junction,
          kennysheep_diamond
D:6:      layout_cave_pools, centaur_isle
Temple:   hellmonk_temple_forest_ring

Skill      XL: |  1  2  3  4  5  6  7  8 |
---------------+-------------------------+-----
Stealth        | 3 4 5 6 |  6.1
Conjurations   | 5 6 7 |  7.5
Fighting       | 1 2 3 |  3.3
Hexes          | 3 4 |  4.0
Spellcasting   | 4 5 6 |  6.4
Translocations | 1 2 |  2.6
Dodging        | 3 |  3.3

Action                   |  1- 3 |  4- 6 |  7- 9 || total
-------------------------+-------+-------+-------++-------
 Cast: Magic Dart        |    68 |    27 |    70 ||   165
       Searing Ray       |     3 |    11 |    36 ||    50
       Dazzling Flash    |       |     1 |     1 ||     2
       Fulminant Prism   |       |       |     8 ||     8
Armor: Robe              |     1 |     3 |     1 ||     5
       Leather armour    |       |       |     4 ||     4
Dodge: Dodged            |     4 |    14 |    24 ||    42
